 Dungeon Crawl Stone Soup version 0.29.1-15-g9cfb28693d (webtiles) character file.

Game seed: 11089148946707785167

602 BiteMe the Firebug (level 7, 0/48 HPs)
             Began as a Demonspawn Fire Elementalist on Mar 12, 2023.
             Slain by an iguana (13 damage)
             ... on level 4 of the Dungeon.
             The game lasted 00:37:20 (6547 turns).

BiteMe the Firebug (Demonspawn Fire Elementalist)   Turns: 6547, Time: 00:37:20

Health: 0/48       AC:  4    Str: 14    XL:     7   Next: 18%
Magic:  1/12       EV: 13    Int: 19    God:
Gold:   92         SH:  0    Dex: 13    Spells: 10/13 levels left

rFire   . . .      SeeInvis .   u - +3 hand axe of Doom {vorpal, rC+}
rCold   + . .      Faith    .   (no shield)
rNeg    . . .      Spirit   .   a - +0 robe
rPois   .          Reflect  .   d - +0 hat
rElec   .          Harm     .   (no cloak)
rCorr   .          Rampage  .   (no gloves)
Will    +....                   (no boots)
Stlth   ++........              (no amulet)
HPRegen 0.16/turn               s - +6 ring of strength
MPRegen 0.13/turn               v - ring of willpower

@: very slightly contaminated
A: yellow scales 1, ignite blood 1, powered by pain 2, demonic touch 1
a: no special abilities


You were on level 4 of the Dungeon.
You visited 1 branch of the dungeon, and saw 5 of its levels.

You collected 92 gold pieces.

Inventory:

Hand Weapons
 e - a +0 long sword
 h - a +0 short sword
 k - a +0 falchion
 m - a +0 dagger
 q - a +0 mace
 r - a +0 short sword
 t - a +0 flail
 u - the +3 hand axe of Doom (weapon) {vorpal, rC+}
   (You took it off a kobold on level 2 of the Dungeon)

   It inflicts extra damage upon your enemies.
   rC:        It protects you from cold.
Armour
 a - a +0 robe (worn)
 d - a +0 hat (worn)
 n - a +0 ring mail
Jewellery
 l - an amulet of faith
 s - a +6 ring of strength (left hand)
 v - a ring of willpower (right hand)
Scrolls
 c - 4 scrolls of teleportation
 p - a scroll of enchant armour {unknown}
 w - a scroll of blinking {unknown}
 x - a scroll of poison {unknown}
 y - a scroll of amnesia {unknown}
Potions
 b - a potion of magic
 f - 2 potions of mutation
 g - a potion of haste {unknown}
 i - a potion of attraction {unknown}
 j - a potion of cancellation {unknown}
 z - a potion of resistance


   Skills:
 + Level 1.1 Fighting
 - Level 0.4 Short Blades
 + Level 1.4 Axes
 * Level 3.1 Dodging
 - Level 1.9 Stealth
 + Level 3.8 Spellcasting
 * Level 3.1 Conjurations
 * Level 4.9 Fire Magic


You had 10 spell levels left.
You knew the following spells:

 Your Spells              Type           Power      Damage    Failure   Level
a - Foxfire               Conj/Fire      72%        2x1d7     2%          1
b - Scorch                Fire           44%        2d7       2%          2

Your spell library contained the following spells:

 Spells                   Type           Power      Damage    Failure   Level
 Conjure Flame            Conj/Fire      18%        6-21      9%          3
 Inner Flame              Hex/Fire       12%        N/A       16%         3
 Flame Wave               Conj/Fire      18%        2d7       26%         4
 Summon Guardian Golem    Hex/Summ       3%         N/A       38%         3
 Anguish                  Hex/Necr       1%         N/A       80%         4
 Enfeeble                 Hex            1%         N/A       100%        7
 Orb of Destruction       Conj           7%         9d6       100%        7
 Spellforged Servitor     Conj/Summ      4%         N/A       100%        7


Dungeon Overview and Level Annotations

Branches:
Dungeon (5/15)             Temple (0/1) D:5

Altars:
Cheibriados
Hepliaklqana
Qazlal
Xom
Yredelemnul


Innate Abilities, Weirdness & Mutations

You are partially covered in yellow scales. (AC +2)
Your demonic aura sometimes causes spilled blood to erupt in flames.
You sometimes gain power by taking damage.
Your touch may inflict minor irresistible damage on your foes.


Message History

The bullfrog closely misses you.
Casting: Scorch (safe; 3% risk of failure)
Confirm with . or Enter, or press ? or * to list all spells.
Flames lash the bullfrog.
The bullfrog is heavily wounded.
The bullfrog's fire resistance burns away.
The adder bites you but does no damage. The bullfrog barely misses you.
The iguana bites you!
Casting: Scorch (safe; 3% risk of failure)
Confirm with . or Enter, or press ? or * to list all spells.
Flames lash the bullfrog.
The bullfrog is burned terribly!
The bullfrog is almost dead.
The bullfrog barely misses you. The adder closely misses you.
The iguana bites you.
An iguana comes into view.
The bullfrog barely misses you. The adder barely misses you.
Casting: Scorch (safe; 3% risk of failure)
Confirm with . or Enter, or press ? or * to list all spells.
Flames lash the bullfrog.
The bullfrog is burned terribly!
You kill the bullfrog!
The iguana barely misses you. The adder bites you.
You are poisoned.
The adder poisons you!
You feel sick.
The adder is no longer more vulnerable to fire.
The iguana is no longer more vulnerable to fire.
The adder closely misses you. The iguana barely misses you.
You climb upwards.
You feel sick.
There is a stone staircase leading down here.
Casting: Scorch (safe; 2% risk of failure)
Confirm with . or Enter, or press ? or * to list all spells.
You miscast Scorch.
You are very lightly contaminated with residual magic.
Nothing appears to happen.
You feel sick. The adder misses you. The iguana bites you!
* * * LOW HITPOINT WARNING * * *
The adder bites you.
* * * LOW HITPOINT WARNING * * *
You feel better. The iguana bites you!
You die...

### #.. #.. #.. #..
##### #.. ##### #...#
#.. #@S.###...# #..
#l#...#...# #..
#..##.#...#######†
#..##.............
#...###....##.###.
#.#.# ####.##.# #.
#.#.######.##.# #.
#.#.....##.##.# #.
########.#####..#.##.#
#.


You could see an iguana and an adder.

Vanquished Creatures
  A water moccasin (D:4)
  An ogre (D:4)
  2 bullfrogs
  A scorpion (D:4)
  A hound (D:3)
  An orc priest (D:3)
  An iguana (D:4)
  4 adders
  3 worms
  A dart slug (D:4)
  6 orcs
  6 endoplasms
  3 giant cockroaches
  8 hobgoblins
  10 jackals
  8 kobolds
  5 quokkas
  10 ball pythons
  2 bats (D:1)
  5 frilled lizards
  3 goblins
  3 rats
85 creatures vanquished.

Vanquished Creatures (others)
  123 foxfires
123 creatures vanquished.

Grand Total: 208 creatures vanquished

Notes
Turn   | Place    | Note
-------+----------+-------------------------------------------
     0 | D:1      | BiteMe the Demonspawn Fire Elementalist began the quest for
                  | the Orb.
     0 | D:1      | Reached XP level 1. HP: 13/13 MP: 3/3
   281 | D:1      | Reached skill level 3 in Fire Magic
   544 | D:1      | Gained mutation: Your touch may inflict minor irresistible
                  | damage on your foes. [demonic ancestry]
   544 | D:1      | Reached XP level 2. HP: 18/19 MP: 0/5
  1010 | D:1      | Learned a level 2 spell: Scorch
  1462 | D:2      | Gained mutation: You sometimes gain a little power by
                  | taking damage. [demonic ancestry]
  1462 | D:2      | Reached XP level 3. HP: 18/24 MP: 3/6
  1691 | D:2      | Identified the +3 hand axe of Doom {vorpal, rC+}
  2936 | D:3      | Gained mutation: You sometimes gain power by taking damage.
                  | [demonic ancestry]
  2936 | D:3      | Reached XP level 4. HP: 28/30 MP: 4/7
  3109 | D:3      | Found a stormy altar of Qazlal.
  3336 | D:3      | Found a faded altar of an unknown god.
  3936 | D:4      | Noticed an ogre
  3962 | D:3      | Gained mutation: You are partially covered in yellow
                  | scales. (AC +2) [demonic ancestry]
  3962 | D:3      | Reached XP level 5. HP: 12/36 MP: 1/9
  4288 | D:4      | Found a hazy altar of Hepliaklqana.
  4289 | D:4      | Found a basalt altar of Yredelemnul.
  4323 | D:4      | Found a shimmering altar of Xom.
  4325 | D:4      | Found a snail-covered altar of Cheibriados.
  4839 | D:4      | Reached skill level 4 in Fire Magic
  4894 | D:4      | Reached skill level 1 in Axes
  5205 | D:4      | Reached XP level 6. HP: 42/42 MP: 1/10
  5454 | D:4      | Reached skill level 1 in Fighting
  6237 | D:5      | Entered Level 5 of the Dungeon
  6237 | D:5      | Found a staircase to the Ecumenical Temple.
  6238 | D:5      | Noticed a water moccasin
  6245 | D:4      | Killed a water moccasin
  6246 | D:4      | Gained mutation: Your demonic aura sometimes causes spilled
                  | blood to erupt in flames. [demonic ancestry]
  6246 | D:4      | Reached XP level 7. HP: 33/48 MP: 3/12
  6547 | D:4      | Slain by an iguana

Illustrated notes

Levels and vault maps discovered:
D:1:      scummos_arrival_checkerplants, layout_rooms
D:2:      layout_basic
D:3:      layout_basic, lemuel_round_altar, dreamdust_ecumenical_altar_statues,
          kennysheep_pointless_box
D:4:      layout_basic, nicolae_overflow_hidden_temple,
          minmay_stone_trees_medium
D:5:      layout_rooms, minmay_temple_entry_statues_fountains,
          kennysheep_generic_room_6

Skill      XL: |  1  2  3  4  5  6 |
---------------+-------------------+-----
Fire Magic     | 3 4 |  4.9
Dodging        | 2 3 |  3.1
Conjurations   | 2 3 |  3.1
Spellcasting   | 3 |  3.8
Axes           | 1 |  1.4
Fighting       | 1 |  1.1
Short Blades   | |  0.4
Stealth        | |  1.9

Action                   |  1- 3 |  4- 6 |  7- 9 || total
-------------------------+-------+-------+-------++-------
Melee: Short sword       |    22 |       |       ||    22
       Touch             |     6 |     6 |       ||    12
       Hand axe          |    30 |    38 |       ||    68
 Cast: Foxfire           |    42 |    31 |       ||    73
       Scorch            |     2 |    27 |     5 ||    34
  Use: Scroll            |     3 |     5 |       ||     8
       Potion            |     2 |     1 |     1 ||     4
 Stab: Distracted        |       |     1 |       ||     1
       Sleeping          |       |     1 |       ||     1
Armor: Robe              |     5 |     6 |     3 ||    14
Dodge: Dodged            |    50 |    29 |    14 ||    93
